AoeStats
← JustinMerendino

Coastal Forest

503431654Analyzed
4v4 RM · 1mo ago on Aug 31, 2026· 54m 0s· 8 players
Game mode
Random Map
Map size
Large (8 player)
Population
200
Speed
Normal
Resources
Standard
Victory
Conquest
Starting age
Dark Age
Ending age
Imperial Age
RankedLock teamsTeams togetherTeam positionsShared explorationLock speedFull tech treeHidden civsTurbo modeCheats
Victory
Defeat
🇪🇸 Tatars · Spain
1034
+13
🇬🇧 Japanese · United Kingdom
993
+15
🇪🇸 Wei · Spain
991
+15
🇹🇷 Britons · Türkiye
965
+16
🇦🇺 Mapuche · Australia
1021
-17
🇲🇽 Tatars · Mexico
1012
-17
🇺🇸 Britons · United States
953
-14
🇺🇸 Romans · United States
909
-12
Dostoyevski
0:38 Loom
11:04 Feudal Age
18:20 Castle Age
18:46 Horse Collar
19:29 Fletching
19:53 Crossbowman
25:18 Double-Bit Axe
29:41 Fishing Lines
31:02 Gillnets
34:06 Bodkin Arrow
36:27 Yeomen
42:07 Imperial Age
40:17 Wheelbarrow
41:56 Ballistics
41:46 Fortified Wall
41:17 Treadmill Crane
42:03 Hand Cart
41:57 Gold Mining
41:58 Stone Mining
43:43 Gold Shaft Mining
44:19 Bow Saw
46:15 Town Watch
46:43 Heavy Plow
47:48 Chemistry
48:10 Bracer
48:10 Padded Archer Armor
49:32 Elite Longbowman
54:25 Town Patrol
Charly5
1:21 Loom
2:22 Loom
12:12 Feudal Age
13:13 Double-Bit Axe
13:11 Horse Collar
13:50 Gold Mining
17:47 Stone Mining
20:34 Castle Age
19:06 Scale Barding Armor
19:41 Bloodlines
21:47 Chain Barding Armor
25:23 Forging
27:25 Wheelbarrow
27:05 Heavy Plow
28:54 Iron Casting
28:07 Town Watch
30:44 Fletching
31:08 Husbandry
33:13 Hand Cart
33:00 Town Patrol
35:15 Bow Saw
35:22 Tuntian
38:58 Imperial Age
40:43 Blast Furnace
39:13 Heavy Hei Guang Cavalry
40:46 Crop Rotation
42:01 Gold Shaft Mining
42:02 Stone Shaft Mining
44:51 Bodkin Arrow
Justaerin
1:01 Loom
10:42 Feudal Age
11:26 Double-Bit Axe
11:23 Horse Collar
11:30 Arson
12:39 Gold Mining
13:46 Stone Mining
19:02 Scale Mail Armor
21:21 Castle Age
20:40 Forging
20:46 Fletching
22:04 Wheelbarrow
22:28 Bodkin Arrow
22:36 Squires
40:09 Imperial Age
38:57 Heavy Plow
39:51 Hand Cart
40:15 Elite Samurai
41:34 Iron Casting
41:50 Chain Mail Armor
42:02 Conscription
43:39 Blast Furnace
45:15 Plate Mail Armor
46:31 Bow Saw
50:01 Gold Shaft Mining
52:25 Two-Man Saw
Quintabar
3:26 Loom
11:36 Feudal Age
13:17 Double-Bit Axe
19:00 Castle Age
17:37 Gold Mining
18:04 Fletching
18:14 Padded Archer Armor
19:37 Bloodlines
21:51 Town Watch
22:32 Bow Saw
25:09 Bodkin Arrow
25:12 Horse Collar
27:33 Leather Archer Armor
27:55 Wheelbarrow
28:35 Ballistics
29:23 Husbandry
34:05 Imperial Age
32:15 Masonry
32:22 Silk Armor
33:13 Heavy Plow
34:43 Gold Shaft Mining
33:59 Stone Mining
34:18 Town Patrol
35:05 Bracer
36:40 Chemistry
36:23 Ring Archer Armor
37:08 Hand Cart
37:28 Heavy Cavalry Archer
41:54 Conscription
47:16 Siege Engineers
HappyTree
5:33 Loom
12:28 Feudal Age
14:28 Double-Bit Axe
17:46 Castle Age
15:29 Horse Collar
15:46 Gold Mining
16:03 Stone Mining
18:02 Bloodlines
19:12 Bow Saw
18:43 Horse Collar
19:13 Scale Barding Armor
19:58 Heavy Plow
23:13 Bloodlines
33:01 Town Watch
Akranon
0:35 Loom
11:27 Feudal Age
12:20 Double-Bit Axe
12:02 Man-at-Arms
12:38 Horse Collar
15:11 Wheelbarrow
15:05 Scale Mail Armor
15:20 Gold Mining
16:54 Stone Mining
19:31 Forging
22:18 Wheelbarrow
22:22 Town Watch
27:20 Castle Age
26:22 Fletching
dokoenig3
11:13 Feudal Age
15:57 Castle Age
16:17 Loom
16:19 Town Watch
19:44 Double-Bit Axe
20:02 Treadmill Crane
20:17 Gold Mining
20:17 Stone Mining
20:05 Demolition Ship
21:26 Stone Mining
26:34 Gold Shaft Mining
33:04 Imperial Age
30:08 Pikeman
30:49 Squires
30:35 Gambesons
35:18 Imperial Age
JustinMerendino
11:36 Feudal Age
9:52 Loom
12:02 Horse Collar
12:09 Double-Bit Axe
14:01 Loom
14:51 Wheelbarrow
14:12 Fishing Lines
17:11 Gold Mining
21:33 Castle Age
20:00 Stone Mining
20:29 Forging
20:11 Fletching
22:08 Arson
23:15 Gillnets
24:18 Bow Saw
26:25 Hand Cart
25:55 Town Watch
26:49 Iron Casting
26:09 Bodkin Arrow
26:29 Treadmill Crane
27:10 Ballistics
27:22 Pikeman
28:06 Scale Mail Armor
27:44 Elite Skirmisher
28:28 Padded Archer Armor
30:52 Horse Collar
33:02 Heavy Plow
34:24 Masonry
35:33 Town Patrol
39:55 Malon
41:22 Chain Mail Armor
41:41 Leather Archer Armor
44:28 Imperial Age
45:43 Conscription
45:29 Butalmapu
46:00 Hoardings
46:56 Blast Furnace
46:27 Ring Archer Armor
45:19 Elite Kona
45:48 Halberdier
47:04 Gold Shaft Mining
47:05 Stone Shaft Mining
47:02 Crop Rotation
Connection lost

Rejoining the realm…

Still unreachable

The connection could not be restored.

Session expired

The server has moved on; the page needs a fresh start.